 Dungeon Crawl Stone Soup version 0.31.0-11-ge490571c62 (webtiles) character file.

Game seed: 14622099304344898663

232 qw the Shooter (level 5, -1/26 HPs)
             Began as a Spriggan Hunter on Feb 5, 2024.
             Succumbed to a scorpion's poison
             ... on level 3 of the Dungeon.
             The game lasted 00:00:33 (1549 turns).

qw the Shooter (Spriggan Hunter)                    Turns: 1549, Time: 00:00:33

Health: -1/26      AC:  2    Str:  7    XL:     5   Next: 73%
Magic:  6/6        EV: 20    Int: 11    God:
Gold:   194        SH:  0    Dex: 20    Spells: 4/4 levels left

rFire   . . .        a - +1 shortbow
rCold   . . .        (shield currently unavailable)
rNeg    . . .        c - +0 robe
rPois   .            (helmet restricted)
rElec   .            (no cloak)
rCorr   .            (gloves unavailable)
SInv    +            (boots unavailable)
Will    .....        (no amulet)
Stlth   ++           (no ring)
HPRegen 0.24/turn    (no ring)
MPRegen 0.10/turn

%: no passive effects
@: lethally poisoned (-1 -> -7), about to teleport, very quick
A: very small, no large weapons, unfitting armour, see invisible, speed 3
a: no special abilities


You were on level 3 of the Dungeon.
You visited 1 branch of the dungeon, and saw 3 of its levels.

You collected 194 gold pieces.


Innate Abilities, Weirdness & Mutations

You are very small and have problems with some larger weapons.
You are too small for most types of armour.
You have supernaturally acute eyesight. (SInv)
You cover ground extremely quickly. (Speed+++)


   Skills:
 - Level 2.0 Fighting
 + Level 5.8 Ranged Weapons
 - Level 5.4 Dodging
 - Level 1.5 Stealth


You had 4 spell levels left.
You didn't know any spells.
Your spell library was empty.

Inventory:

Hand Weapons
 a - a +1 shortbow (weapon)
Armour
 c - a +0 robe (worn)
 i - a +1 animal skin
Jewellery
 d - a ring of ice
 j - a ring of ice
Wands
 f - a wand of iceblast (12)
Scrolls
 e - a scroll of enchant armour {unknown}
 g - a scroll of teleportation
 l - 2 scrolls of identify
Potions
 b - a potion of enlightenment {unknown}
 h - 2 potions of might
 k - a potion of mutation {unknown}

Dungeon Overview and Level Annotations

Branches:
Dungeon (3/15)

Altars:


Message History

The scorpion completely misses you.
A goblin comes into view. It is wielding a +0 club.
The scorpion barely misses you.
You hear a shout!
You shoot an arrow. The arrow closely misses the scorpion.
You hear a shout!
A goblin comes into view. It is wielding a +0 dagger.
The scorpion barely misses you.
A kobold comes into view. It is wielding a +0 whip.
You shoot an arrow. The arrow closely misses the scorpion.
The scorpion stings you but does no damage.
You shoot an arrow. The arrow hits the scorpion.
The scorpion is moderately wounded.
The scorpion stings you.
You are poisoned.
The scorpion poisons you! The scorpion stings you.
You are lethally poisoned!
The scorpion poisons you!
You shoot an arrow.
The arrow hits the scorpion but does no damage.
The scorpion is moderately wounded.
You feel very sick.
A goblin comes into view. It is wielding a +0 club.
The scorpion misses you.
You shoot an arrow. The arrow hits the scorpion!
The scorpion is almost dead.
You feel very sick. The scorpion completely misses you.
You shoot an arrow. The arrow hits the scorpion!
You kill the scorpion!
You feel very sick.
A goblin comes into view. It is wielding a +0 club.
1548 ||| READING 2 scrolls of teleportation.
As you read the scroll of teleportation, it crumbles to dust.
You feel strangely unstable.
You feel sick. The goblin misses you.
You shoot an arrow. The arrow closely misses the goblin.
The arrow hits the goblin!
You kill the goblin!
You die...

............#####
#.###.####......#
#.# #.# ##.###.##
# # #.# #..# #.#
##.# #.# #.# #.#
#.# #.# #.# #.#
#@# #g#


g)K !.... .P....g ....).... #....8....# #..P......# You could see 3 goblins and
a kobold.

Vanquished Creatures
  A scorpion (D:3)
  A sleepcap (D:3)
  Ijyb (D:3)
  Robin (D:3)
  A gnoll (D:1)
  3 adders (D:2)
  A ribbon worm (D:2)
  3 dart slugs
  7 bats
  7 endoplasms
  3 giant cockroaches
  9 goblins
  7 hobgoblins
  6 kobolds
  2 quokkas (D:2)
  3 ball pythons
  5 frilled lizards
  7 rats
68 creatures vanquished.

Notes
Turn   | Place    | Note
-------+----------+-------------------------------------------
     0 | D:1      | qw the Spriggan Hunter began the quest for the Orb.
     0 | D:1      | Reached XP level 1. HP: 10/10 MP: 2/2
     0 | D:1      | 0 ||| qw: Version: 0.3-a-160-g6735b56
     0 | D:1      | 0 ||| qw: Game counter: 6212
     0 | D:1      | 0 ||| qw: Melee chars always use a shield: true
     0 | D:1      | 0 ||| qw: God list: Okawaru
     0 | D:1      | 0 ||| qw: Allow faded altars: false
     0 | D:1      | 0 ||| qw: Do Orc after clearing Dungeon:15 true
     0 | D:1      | 0 ||| qw: Do second Lair branch before Depths: true
     0 | D:1      | 0 ||| qw: Lair rune preference: random
     0 | D:1      | 0 ||| qw: Goals: Normal
     0 | D:1      | 0 ||| PLANNING D:1-11
    36 | D:1      | Reached skill level 3 in Dodging
   107 | D:1      | Reached XP level 2. HP: 14/14 MP: 3/3
   167 | D:1      | Reached XP level 3. HP: 18/18 MP: 4/4
   355 | D:1      | 355 ||| DROPPING ring of magical power.
   356 | D:1      | 356 ||| READING scroll labelled AHAIX YWOAF.
   356 | D:1      | 356 ||| ENCHANTING +0 shortbow.
   357 | D:1      | 357 ||| READING scroll labelled BEGUCY NIFEHY.
   357 | D:1      | 357 ||| IDENTIFYING puce potion
   358 | D:1      | 358 ||| READING 2 scrolls labelled SETECUE BYOXOG.
   361 | D:1      | 361 ||| READING scroll labelled QUPSIURUENU.
   362 | D:1      | 362 ||| DROPPING scroll of butterflies.
   504 | D:2      | Found a faded altar of an unknown god.
   652 | D:2      | Reached XP level 4. HP: 22/22 MP: 5/5
  1418 | D:3      | Noticed Ijyb
  1436 | D:3      | Killed Ijyb
  1437 | D:3      | Reached XP level 5. HP: 18/26 MP: 6/6
  1460 | D:3      | Identified the +0 ring mail "Ywesheuv" {+Blink +Inv Will+
                  | Int-5}
  1460 | D:3      | Noticed Robin
  1464 | D:3      | Killed Robin
  1547 | D:3      | HP: 3/26 [poisoned by a scorpion]
  1548 | D:3      | 1548 ||| READING 2 scrolls of teleportation.
  1548 | D:3      | HP: 1/26 [poisoned by a scorpion]
  1549 | D:3      | Succumbed to a scorpion's poison

Levels and vault maps discovered:
D:1:      scummos_arrival_gate, layout_rooms, minmay_tetromino_s4
D:2:      layout_basic, hellmonk_ecumenical_altar_inner_sanctum
D:3:      layout_loops_ring, gammafunk_temple_overflow_elements,
          dreamdust_mushroom_princess, serial_bayou_pond_d, uniq_ijyb,
          uniq_robin

Skill      XL: |  1  2  3  4 |
---------------+-------------+-----
Dodging        | 3 4 5 |  5.4
Ranged Weapons | 5 |  5.8
Fighting       | 2 |  2.0
Stealth        | |  1.5

Action                     |  1- 3 |  4- 6 || total
---------------------------+-------+-------++-------
   Fire: Shortbow          |    93 |   103 ||   196
    Use: Scroll            |     4 |     1 ||     5
 Armour: Robe              |     8 |    10 ||    18
  Dodge: Dodged            |    20 |    32 ||    52

Table legend:
 A = Non-vault XP
 B = Vault XP
 C = Vault XP percentage of total XP
 D = Non-vault monster count
 E = Vault monster count
 F = Vault count percentage of total count
                 A         B        C        D         E       F
            +---------+---------+-------+---------+---------+-------
      Total |     262 |      72 |  21.6 |      56 |      12 |  17.6
            +---------+---------+-------+---------+---------+-------
        D:1 |      48 |       4 |   7.7 |      22 |       2 |   8.3
        D:2 |      80 |       0 |   0.0 |      24 |       0 |   0.0
        D:3 |     134 |      68 |  33.7 |      10 |      10 |  50.0
            +---------+---------+-------+---------+---------+-------
